 Dungeon Crawl Stone Soup version 0.24.0-123-gd5b16e6ec5 (webtiles) character file.

Game seed: 15684210480115800431, levelgen mode: deterministic

481 Curus the Chopper (level 6, -1/51 HPs)
             Began as a Minotaur Abyssal Knight on Feb 9, 2020.
             Was a Priest of Lugonu.
             Slain by an ogre
             ... wielding a +0 giant club
              (11 damage)
             ... on level 4 of the Dungeon.
             The game lasted 00:12:23 (2907 turns).

Curus the Chopper (Minotaur Abyssal Knight)         Turns: 2907, Time: 00:12:24

Health: -1/51      AC:  8    Str: 17    XL:     6   Next: 87%
Magic:  9/9        EV: 11    Int:  9    God:    Lugonu [***...]
Gold:   155        SH:  0    Dex: 11    Spells: 5/5 levels left

rFire    . . .     SeeInvis .   t - +0 war axe
rCold    . . .     Gourm    .   (no shield)
rNeg     . . .     Faith    .   o - +0 scale mail
rPois    .         Spirit   .   (helmet restricted)
rElec    .         Reflect  .   (no cloak)
rCorr    +         Harm     .   e - +0 pair of gloves
MR       .....                  p - +0 pair of boots
Stlth    ..........             (no amulet)
HPRegen  0.17/turn              l - +2 ring of evasion
MPRegen  0.11/turn              s - ring of resist corrosion

@: no status effects
A: retaliatory headbutt, horns 2
a: Depart the Abyss, Bend Space, Banish, Renounce Religion


You were on level 4 of the Dungeon.
You worshipped Lugonu.
Lugonu was most pleased with you.
You were hungry.

You visited 1 branch of the dungeon, and saw 4 of its levels.
You visited the Abyss 1 time.

You collected 155 gold pieces.

Inventory:

Hand Weapons
 a - a +2 hand axe
 t - a +0 war axe (weapon)
Armour
 b - a +0 leather armour
 e - a +0 pair of gloves (worn)
 g - a +1 ring mail
 o - a +0 scale mail (worn)
 p - a +0 pair of boots (worn)
Jewellery
 i - a +3 ring of protection
 k - a +5 ring of dexterity
 l - a +2 ring of evasion (left hand)
 s - a ring of resist corrosion (right hand)
Wands
 m - a wand of flame (16)
Scrolls
 d - a scroll of immolation
 f - a scroll of noise
 h - a scroll of fog
 j - 3 scrolls of identify
 n - 2 scrolls of teleportation
 r - a scroll of remove curse
Potions
 q - a potion of curing
Comestibles
 c - 10 rations


   Skills:
 - Level 3.6 Fighting
 + Level 6.5 Axes
 - Level 2.4 Armour
 - Level 1.1 Dodging
 + Level 5.3 Invocations


You had 5 spell levels left.
You didn't know any spells.
Your spell library was empty.

Dungeon Overview and Level Annotations

Branches:
Dungeon (4/15)             Temple (0/1) D:4

Altars:


Innate Abilities, Weirdness & Mutations

You reflexively headbutt those who attack you in melee.
You have a pair of horns on your head.


Message History

The worker ant twitches its antennae in your direction.
There is an open door here.
Evoke which item? (* to show all) (? for menu, Esc to quit)
Aiming: Throw Flame
Press: ? - help, Shift-Dir - straight line, f - ogre
Aim: an ogre, wielding a +0 giant club The puff of flame hits the ogre.
The ogre is lightly wounded.
The ogre barely misses you. You furiously retaliate!
You headbutt the ogre! You barely miss the ogre.
The ogre is heavily wounded.
The ogre hits you with a +0 giant club!
You closely miss the ogre. You headbutt the ogre.
The ogre is severely wounded.
The ogre hits you with a +0 giant club!
* * * LOW HITPOINT WARNING * * *
You hit the ogre but do no damage. You headbutt the ogre.
The ogre is almost dead.
The ogre hits you with a +0 giant club!
You die...

#..........# +.......#...
#..........# #.......#<..
#..........#######....#...
#..........#.....#....#...
#....#######.....#....#...
#....#.....#.....'....#...
#....#.....#...Oa#....#...
#....#.....#.O...# O..#...
####....#.##@##'###+#
a.###.
#.....###.##O##..##.###
...#.
#.....#....#a.........# ..
. #.....#....#..........#
. #.....######.....##..##
#.....#...##.....##..#####
#.....#....'.............#
#.....#....#....[........#
#.....#+###########..##..#


You could see an ogre and a worker ant.

Vanquished Creatures
  An ice beast (D:4)
  A wyvern skeleton (D:4)
  3 orc wizards (D:3)
  Ijyb (D:3)
  A worker ant (D:4)
  A hound zombie (D:2)
  3 gnolls
  6 adders
  3 oozes (D:2)
  3 worms
  A dart slug (D:1)
  7 orcs (D:3)
  4 giant cockroaches
  14 goblins
  9 hobgoblins
  4 jackals
  2 quokkas
  3 ball pythons
  6 bats
  3 frilled lizards
  7 kobolds
  6 rats
89 creatures vanquished.

Notes
Turn   | Place    | Note
-------+----------+-------------------------------------------
     0 | Abyss:1  | Curus the Minotaur Abyssal Knight began the quest for the
                  | Orb.
     0 | Abyss:1  | Reached XP level 1. HP: 19/19 MP: 1/1
    20 | D:1      | Escaped the Abyss
   181 | D:1      | Reached skill level 3 in Axes
   181 | D:1      | Reached XP level 2. HP: 20/26 MP: 2/2
   660 | D:1      | Reached ** piety under Lugonu
   662 | D:1      | Reached XP level 3. HP: 31/31 MP: 2/4
  1080 | D:2      | Reached skill level 4 in Axes
  1104 | D:2      | Reached XP level 4. HP: 28/39 MP: 5/5
  1526 | D:3      | Reached XP level 5. HP: 34/45 MP: 6/6
  1538 | D:3      | Reached skill level 5 in Axes
  1716 | D:3      | Reached *** piety under Lugonu
  1742 | D:3      | Noticed Ijyb
  1755 | D:3      | HP: 2/45 [Ijyb/puff of flame (5)]
  1756 | D:3      | Killed Ijyb
  2063 | D:3      | Reached XP level 6. HP: 40/51 MP: 8/8
  2427 | D:4      | Reached skill level 6 in Axes
  2442 | D:3      | Reached skill level 5 in Invocations
  2815 | D:4      | Found a staircase to the Ecumenical Temple.
  2872 | D:4      | Noticed an ice beast
  2887 | D:4      | Killed an ice beast
  2907 | D:4      | Slain by an ogre

Levels and vault maps discovered:
D:1:      matt_arrival_spirals, layout_loops_ring
D:2:      layout_basic
D:3:      layout_basic, uniq_ijyb
D:4:      layout_gridville, minmay_temple_entry_crystal_x, first_ration,
          kennysheep_generic_room_14, uniq_sigmund

Skill      XL: |  1  2  3  4  5  6 |
---------------+-------------------+-----
Invocations    | 2 3 4 5 |  5.3
Axes           | 3 4 5 6 |  6.5
Fighting       | |  3.6
Armour         | |  2.4
Dodging        | |  1.1

Action                   |  1- 3 |  4- 6 || total
-------------------------+-------+-------++-------
Melee: Hand axe          |    93 |   128 ||   221
       Headbutt          |    13 |    35 ||    48
       War axe           |       |    16 ||    16
Evoke: Wand              |       |     1 ||     1
  Use: Potion            |     3 |     2 ||     5
       Scroll            |     8 |       ||     8
  Eat: Chunk             |     1 |     5 ||     6
Armor: Leather armour    |     9 |       ||     9
       Ring mail         |    22 |    37 ||    59
       Scale mail        |       |    25 ||    25
Dodge: Dodged            |    41 |    67 ||   108
